 Dungeon Crawl Stone Soup version 0.14-a0-2061-g6c6fb9c (webtiles) character file.

246 HollowCharge the Poker (level 5, -1/42 HPs)
             Began as a Merfolk Fighter on Jan 21, 2014.
             Killed from afar by Jessica (3 damage)
             ... with a wand of frost
             ... on Level 3 of the Dungeon.
             The game lasted 00:13:42 (2932 turns).

HollowCharge the Poker (Merfolk Fighter)            Turns: 2932, Time: 00:13:42

HP  -1/42        AC  8     Str 16      XL: 5   Next: 41%
MP   5/5         EV  7     Int  8      God:
Gold 86          SH 18     Dex 14      Spells:  0 memorised,  4 levels left

rFire  . . .     SeeInvis .     a - +0 trident
rCold  . . .     Clarity  .     s - +1 ring mail
rNeg   . . .     Conserve .     c - +0 shield
rPois  .         rCorr    +     x - +1 helmet
rElec  .         rRot     .     (no cloak)
SustAb . .       Spirit   .     (no gloves)
rMut   .         Warding  .     (no boots)
Saprov . . .     Stasis   .     h - amulet of resist corrosion
MR     .....                    (no ring)
                                (no ring)

@: not resistant to hostile enchantments, very unstealthy
A: change form in water, swift swim
a: no special abilities


You were on level 3 of the Dungeon.
You were hungry.

You visited 1 branch of the dungeon, and saw 3 of its levels.

You collected 86 gold pieces.

Inventory:

Hand weapons
 a - a +0,+0 trident (weapon)
Armour
 c - a +0 shield (worn)
 s - a +1 ring mail (worn)
 x - a +1 helmet (worn)
Magical devices
 t - a wand of invisibility (3)
 u - a wand of paralysis (8)
Comestibles
 d - 7 bread rations
 g - a meat ration
Scrolls
 l - 2 scrolls of fear
 o - a scroll of teleportation
 r - a scroll of noise {unknown}
Jewellery
 f - an uncursed ring of magical power
 h - an amulet of resist corrosion (around neck)
 v - a cursed -3 ring of strength {unknown}
 w - a +3 ring of dexterity {unknown}
Potions
 b - a potion of agility
 e - a potion of lignification
 i - a potion of curing {unknown}
 j - a potion of heal wounds {unknown}
 k - 3 potions of restore abilities {unknown}
 m - a potion of paralysis {unknown}
 n - a potion of invisibility {unknown}
 p - a potion of brilliance {unknown}
 q - 2 potions of coagulated blood


   Skills:
 + Level 3.8 Fighting
 + Level 4.4 Polearms
 + Level 3.0 Armour
 + Level 2.6 Dodging
 + Level 3.6 Shields


You had 4 spell levels left.
You didn't know any spells.

Dungeon Overview and Level Annotations

Branches:
Dungeon (3/16)

Altars:
Trog

Annotations:
D:3 Jessica


Message History

The orc wizard hits you but does no damage.
You hit the orc wizard.
You kill the orc wizard!
Your Armour skill increases to level 3!
You hit Jessica but do no damage.
Jessica is severely wounded.
You block Jessica's attack.
You hit Jessica.
Jessica is almost dead.
Jessica zaps a wand.
The puff of frost hits you!
* * * LOW HITPOINT WARNING * * *
Jessica zaps a wand.
The puff of frost hits you!
* * * LOW HITPOINT WARNING * * *
You hit Jessica but do no damage.
Jessica is almost dead.
Jessica barely misses you.
You hit Jessica but do no damage.
Jessica is almost dead.
Jessica completely misses you.
Jessica zaps a wand.
The puff of frost hits you!
You die...

#########
#....@@.#
#.#####.#
#.#####)#
#.##...........#
#.##.##.###.###
#.##.##.# .##
#.......# ...
####.##### #
#........# #


You could see Jessica.

Vanquished Creatures
  An orc wizard (D:3)
  Terence (D:2)
  5 adders (D:2)
  An ooze (D:2)
  5 orcs (D:3)
  6 giant cockroaches
  15 hobgoblins
  12 jackals
  6 kobolds
  2 quokkas (D:2)
  2 bats
  2 giant geckos (D:1)
  3 giant newts
  3 goblins
  8 rats
72 creatures vanquished.

Notes
Turn   | Place    | Note
--------------------------------------------------------------
     0 | D:1      | HollowCharge, the Merfolk Fighter, began the quest for the Orb.
     0 | D:1      | Reached XP level 1. HP: 18/18 MP: 1/1
   191 | D:1      | Reached XP level 2. HP: 22/24 MP: 2/2
   454 | D:1      | Reached skill level 1 in Dodging
   649 | D:1      | Reached XP level 3. HP: 29/29 MP: 3/3
  1117 | D:2      | Reached XP level 4. HP: 31/35 MP: 4/4
  1310 | D:2      | Noticed Terence
  1353 | D:2      | Killed Terence
  2067 | D:2      | Found a bloodstained altar of Trog.
  2207 | D:2      | Reached skill level 4 in Polearms
  2347 | D:3      | Reached XP level 5. HP: 40/42 MP: 5/5
  2913 | D:3      | Noticed Jessica
  2930 | D:3      | HP: 1/42 [Jessica/wand of frost (7)]
  2932 | D:3      | Killed from afar by Jessica

Action                   |  1- 3 |  4- 6 || total
-------------------------+-------+-------++-------
Melee: Trident           |   133 |   152 ||   285
Evoke: Wand              |       |     2 ||     2
  Use: Scroll            |     2 |    11 ||    13
